 Dungeon Crawl Stone Soup version 0.18.1-2-ga659475 (webtiles) character file.

50 pipel the Chopper (level 3, -2/31 HPs)
             Began as a Minotaur Gladiator on May 8, 2016.
             Slain by a phantom (6 damage)
             ... on level 4 of the Dungeon.
             The game lasted 00:01:17 (642 turns).

pipel the Chopper (Minotaur Gladiator)               Turns: 642, Time: 00:01:18

Health: -2/31      AC: 13    Str: 20    XL:     3   Next: 55%
Magic:  2/2        EV:  1    Int:  5    God:
Gold:   87         SH:  0    Dex: 10    Spells: 0 memorised, 2 levels left

rFire  . . .     SeeInvis .     a - +0 war axe
rCold  + + .     Gourm    .     o - +3 plate armour "Dotot" {+Fly rElec rC++}
rNeg   . . .     Faith    .     (no shield)
rPois  .         Spirit   .     c - +0 hat
rElec  +         Dismiss  .     (no cloak)
rCorr  .         Reflect  .     (no gloves)
SustAt .         Harm     .     (no boots)
MR     .....                    (no amulet)
Stlth  ..........               (no ring)
                                (no ring)

@: not resistant to hostile enchantments, extremely unstealthy
A: retaliatory headbutt, horns 2
a: Evoke Flight


You were on level 4 of the Dungeon.
You were not hungry.

You visited 1 branch of the dungeon, and saw 4 of its levels.

You collected 87 gold pieces.

Inventory:

Hand Weapons
 a - a +0 war axe (weapon)
Missiles
 d - 2 throwing nets (quivered)
Armour
 b - a +0 leather armour
 c - a +0 hat (worn)
 h - a +0 chain mail
 o - the +3 plate armour "Dotot" (worn) {+Fly rElec rC++}
   (You found it on level 4 of the Dungeon)

   It greatly protects you from cold.
   It insulates you from electricity.
   It lets you fly.
Scrolls
 n - 2 scrolls of fear {unknown}
 p - a scroll of remove curse {unknown}
Potions
 e - a potion of invisibility {unknown}
 i - a potion of cancellation {unknown}
 k - a potion of haste {unknown}
 l - a potion of mutation {unknown}
 m - a potion of degeneration {unknown}
Comestibles
 f - 4 bread rations
 g - 3 fruits
 j - a slice of pizza
 q - a chunk of flesh


   Skills:
 + Level 3.0 Fighting
 + Level 4.2 Axes
 + Level 2.2 Throwing
 + Level 0.8 Armour
 + Level 4.0 Dodging


You had 2 spell levels left.
You didn't know any spells.

Dungeon Overview and Level Annotations

Branches:
Dungeon (4/15)
 Temple: D:4-7

Altars:
Nemelex Xobeh
Ru

Shops:
D:4 (


Innate Abilities, Weirdness & Mutations

You reflexively headbutt those who attack you in melee.
You have a pair of horns on your head.


Message History

* * * LOW HITPOINT WARNING * * *
The phantom blinks!
You take 2 damage, and have 8/31 hp.
The phantom blinks!
You see here a throwing net.
d - 2 throwing nets (gained 1)
The phantom hits you but does no damage.
The phantom hits you.
* * * LOW HITPOINT WARNING * * *
You take 6 damage, and have 2/31 hp.
You see here a throwing net.
The phantom blinks!
The phantom hits you but does no damage.
The phantom blinks!
The phantom hits you but does no damage.
The phantom hits you.
* * * LOW HITPOINT WARNING * * *
There is an escape hatch in the ceiling here.
The phantom hits you.
You die...

.....#.############..###......#..
...#................####.....>##.
## ##........#######..<..........
#.........######.^#.......####
......###..###.....##...#####
####.#####..###.######..##
................# #....#
..............######...##
..........###.##@......#
.........## #..#W####.##
...###########....##..# ##### .#
####..............## #...# .#
#....#########.....######...#
(####.############.##...........#
................##.........##...#
.........######............##...#
..................##.รท.....##)..#


You could see a phantom.

Vanquished Creatures
  A hound (D:4)
  An ooze (D:3)
  A worm (D:4)
  2 giant geckos (D:4)
  2 hobgoblins
  3 kobolds
  A bat (D:1)
  A giant gecko skeleton (D:4)
12 creatures vanquished.

Notes
Turn   | Place    | Note
--------------------------------------------------------------
     0 | D:1      | pipel the Minotaur Gladiator began the quest for the Orb.
     0 | D:1      | Reached XP level 1. HP: 18/18 MP: 0/0
   187 | D:2      | Found a sparkling altar of Nemelex Xobeh.
   200 | D:2      | Found a sacrificial altar of Ru.
   239 | D:3      | Reached XP level 2. HP: 25/25 MP: 1/1
   311 | D:4      | Found Zases's Antique Weapon Shoppe.
   317 | D:4      | Got a brightly glowing plate armour
   328 | D:4      | Identified the +3 plate armour "Dotot" {+Fly rElec rC++} (You found it on level 4 of the Dungeon)
   504 | D:4      | Reached XP level 3. HP: 27/31 MP: 2/2
   572 | D:4      | Noticed a phantom
   642 | D:4      | Slain by a phantom

Skill      XL: |  1  2 |
---------------+-------+-----
Fighting       | 3 |  3.0
Axes           | 4 |  4.2
Dodging        | 4 |  4.0
Throwing       | |  2.2
Armour         | |  0.8

Action                   || total
-------------------------++-------
Melee: War axe           ||    59
       Headbutt          ||     6
Throw: Throwing net      ||     2
Armor: Chain mail        ||    11
       Plate armour      ||    21
Dodge: Dodged            ||    29
